 Dungeon Crawl Stone Soup version 0.23.2-1-ga50397a (webtiles) character file.

Game seed: 12484533770370646045

81 Lickle the Skirmisher (level 4, -3/29 HPs)
             Began as a Gargoyle Abyssal Knight on Apr 23, 2019.
             Was a Believer of Lugonu.
             Killed from afar by Sigmund (5 damage)
             ... with a puff of flame
             ... on level 2 of the Dungeon.
             The game lasted 00:05:44 (2187 turns).

Lickle the Skirmisher (Gargoyle Abyssal Knight)     Turns: 2187, Time: 00:05:45

Health: -3/29      AC:  9    Str: 16    XL:     4   Next: 40%
Magic:  5/5        EV: 10    Int: 13    God:    Lugonu [**....]
Gold:   60         SH:  0    Dex:  9    Spells: 3/3 levels left

rFire    . . .     SeeInvis .   a - +1 mace
rCold    . . .     Gourm    .   (no shield)
rNeg     + . .     Faith    .   d - +0 ring mail
rPois    ∞         Spirit   .   (no helmet)
rElec    +         Reflect  .   (no cloak)
rCorr    .         Harm     .   (no gloves)
MR       .....                  (no boots)
Stlth    +.........             (no amulet)
HPRegen  0.09/turn              (no ring)
MPRegen  0.09/turn              (no ring)

@: no status effects
A: negative energy resistance 1, electricity resistance, unbreathing,
petrification resistance, rot immunity, AC +3
a: Depart the Abyss, Bend Space, Renounce Religion


You were on level 2 of the Dungeon.
You worshipped Lugonu.
Lugonu was pleased with you.
You were not hungry.

You visited 1 branch of the dungeon, and saw 2 of its levels.
You visited the Abyss 1 time.

You collected 60 gold pieces.

Inventory:

Hand Weapons
 a - a +1 mace (weapon)
Armour
 d - a +0 ring mail (worn)
Wands
 h - a wand of disintegration (12)
Scrolls
 g - 2 scrolls of remove curse
Comestibles
 c - a ration


   Skills:
 + Level 3.6 Fighting
 + Level 2.6 Maces & Flails
 + Level 2.9 Armour
 + Level 1.3 Dodging
 + Level 1.6 Stealth
 + Level 2.6 Invocations


You had 3 spell levels left.
You didn't know any spells.
Your spell library was empty.

Dungeon Overview and Level Annotations

Branches:
Dungeon (2/15)

Altars:

Annotations:
D:2 Sigmund


Innate Abilities, Weirdness & Mutations

You are resistant to torment.
Your stone body is resilient. (AC +3)
You are immune to poison.
You resist negative energy. (rN+)
You are resistant to electric shocks. (rElec)
You can survive without breathing.
You are immune to petrification.
You are immune to rotting.


Message History

Sigmund hits you with a +0 scythe.
* * * LOW HITPOINT WARNING * * *
You hit Sigmund.
Sigmund is heavily wounded.
Sigmund drinks a potion.
Sigmund is healed!
You thump Sigmund!
Sigmund is moderately wounded.
Sigmund misses you.
You hit Sigmund.
Sigmund is moderately wounded.
Sigmund closely misses you.
You hit Sigmund.
Sigmund is heavily wounded.
Sigmund hits you with a +0 scythe.
* * * LOW HITPOINT WARNING * * *
You hit Sigmund.
Sigmund is severely wounded.
Sigmund points at you and mumbles some strange words.
The puff of flame hits you.
You die...

#..# #.# ##.# #.#
#># #.# #### #.#
#.# ..# #.# #.#
#.# #.##### #..
#.# #.#...# ###
#.#########.#.#.#
#.......@@....#.#
###########.#.#)#
#.###.# #.....#
#######


You could see Sigmund.

Vanquished Creatures
  An adder (D:2)
  2 oozes
  3 worms (D:2)
  A dart slug (D:1)
  4 giant cockroaches (D:2)
  5 goblins
  5 hobgoblins
  7 jackals
  8 kobolds
  2 quokkas (D:2)
  A ball python (D:2)
  3 bats
  6 frilled lizards
  4 rats
52 creatures vanquished.

Notes
Turn   | Place    | Note
-------+----------+-------------------------------------------
     0 | Abyss:1  | Lickle the Gargoyle Abyssal Knight began the quest for the
                  | Orb.
     0 | Abyss:1  | Reached XP level 1. HP: 14/14 MP: 2/2
    23 | Abyss:1  | Noticed a smoke demon
    30 | Abyss:1  | Noticed a small abomination
    37 | D:1      | Escaped the Abyss
   131 | D:1      | Reached * piety under Lugonu
   135 | D:1      | Reached XP level 2. HP: 7/19 MP: 3/3
   589 | D:1      | Reached skill level 1 in Dodging
   660 | D:1      | Reached skill level 1 in Stealth
   713 | D:1      | Reached XP level 3. HP: 22/23 MP: 4/4
  1280 | D:2      | Reached ** piety under Lugonu
  1311 | D:2      | Reached XP level 4. HP: 24/28 MP: 5/5
  1664 | D:2      | Noticed Sigmund
  2187 | D:2      | Killed from afar by Sigmund

Skill      XL: |  1  2 |
---------------+-------+-----
Dodging        | 1 |  1.3
Stealth        | 1 |  1.6
Fighting       | |  3.6
Maces & Flails | |  2.6
Armour         | |  2.9
Invocations    | |  2.6

Action                   |  1- 3 |  4- 6 || total
-------------------------+-------+-------++-------
Melee: Mace              |   133 |    59 ||   192
Invok: Depart the Abyss  |     1 |       ||     1
  Use: Scroll            |     2 |     6 ||     8
  Eat: Chunk             |     1 |     1 ||     2
       Ration            |       |     1 ||     1
Armor: Leather armour    |    32 |       ||    32
       Ring mail         |    56 |    18 ||    74
Dodge: Dodged            |    94 |    32 ||   126
